 Dungeon Crawl Stone Soup version 0.23-a0-625-g1d2cd9b (webtiles) character file.

2298 Lanoc the Magician (level 9, -9/65 HPs)
             Began as a Gnoll Earth Elementalist on Dec 24, 2018.
             Was a Follower of Sif Muna.
             Mangled by a troll (15 damage)
             ... on level 7 of the Dungeon.
             The game lasted 00:24:29 (6786 turns).

Lanoc the Magician (Gnoll Earth Elementalist)       Turns: 6786, Time: 00:24:30

Health: -9/65      AC:  1    Str: 10    XL:     9   Next: 40%
Magic:  17/18      EV: 16    Int: 21    God:    Sif Muna [*.....]
Gold:   411        SH:  2    Dex: 16    Spells: 11/21 levels left

rFire    . . .     SeeInvis .   m - +4 flail (holy)
rCold    . . .     Gourm    .   (no shield)
rNeg     + . .     Faith    .   u - +0 robe (curse)
rPois    .         Spirit   .   (no helmet)
rElec    .         Reflect  +   (no cloak)
rCorr    .         Harm     .   (no gloves)
MR       .....     Rnd*Rage +   (no boots)
Stlth    +++.......             j - +2 amulet of reflection
HPRegen  0.20/turn              t - ring of positive energy
MPRegen  0.16/turn              (no ring)

@: no status effects
A: distributed training, fangs 1, berserk 1, deformed body, sturdy frame 1,
strong nose
a: Divine Energy, Renounce Religion


You were on level 7 of the Dungeon.
You worshipped Sif Muna.
Sif Muna was aware of your devotion.
You were hungry.

You visited 1 branch of the dungeon, and saw 7 of its levels.
You also visited: Ossuary.

You collected 411 gold pieces.

Inventory:

Hand Weapons
 m - a +4 flail of holy wrath (weapon)
Missiles
 a - 103 arrows
 h - 82 sling bullets
 y - 11 stones (quivered)
Armour
 u - a cursed +0 robe (worn)
Jewellery
 j - a +2 amulet of reflection (around neck)
 t - a ring of positive energy (left hand)
Wands
 b - a wand of disintegration (12)
 c - a wand of enslavement (9)
 q - a wand of polymorph (7)
Scrolls
 e - 3 scrolls of teleportation
 f - 4 scrolls of enchant weapon
 g - a scroll of enchant armour {unknown}
 k - 4 scrolls of remove curse
 l - 3 scrolls of amnesia
 n - 2 scrolls of identify
 o - a scroll of fog
 p - a scroll of immolation {unknown}
 v - a scroll of magic mapping
Potions
 i - 3 potions of brilliance
Comestibles
 d - 13 rations


   Skills:
 + Level 4.1 Fighting
 + Level 4.1 Short Blades
 + Level 4.1 Long Blades
 + Level 4.1 Axes
 + Level 4.1 Maces & Flails
 + Level 4.1 Polearms
 + Level 4.1 Staves
 + Level 4.1 Slings
 + Level 4.1 Bows
 + Level 4.1 Crossbows
 + Level 4.1 Throwing
 + Level 4.1 Armour
 + Level 6.2 Dodging
 + Level 6.0 Stealth
 + Level 4.1 Shields
 + Level 4.1 Unarmed Combat
 + Level 6.5 Spellcasting
 + Level 3.4 Conjurations
 + Level 3.4 Hexes
 + Level 3.4 Charms
 + Level 3.4 Summonings
 + Level 3.4 Necromancy
 + Level 3.4 Translocations
 + Level 4.1 Transmutations
 + Level 3.4 Fire Magic
 + Level 3.4 Ice Magic
 + Level 3.4 Air Magic
 + Level 6.5 Earth Magic
 + Level 3.4 Poison Magic
 + Level 4.5 Invocations
 + Level 4.1 Evocations


You had 11 spell levels left.
You knew the following spells:

 Your Spells              Type           Power        Failure   Level  Hunger
a - Sandblast             Erth           ####..       1%          1    None
b - Passwall              Tmut/Erth      ####....     1%          2    None
c - Stone Arrow           Conj/Erth      ####..       3%          3    #......
d - Petrify               Tmut/Erth      ####....     11%         4    ###....

Your spell library contained the following spells:

 Spells                   Type           Power        Failure   Level  Hunger
 Lee's Rapid Deconstruct  Erth           ####......   17%         5    #####..


Dungeon Overview and Level Annotations

Branches:
Dungeon (7/15)             Temple (0/1) D:7

Altars:
Dithmenos
Fedhas
Gozag
Sif Muna
Vehumet
Wu Jian
The Shining One

Shops:
D:6 =


Innate Abilities, Weirdness & Mutations

Your experience applies equally to all skills.
You have very sharp teeth.
Your uncanny sense of smell can sniff out nearby items.
You tend to lose your temper in combat.
Armour fits poorly on your strangely shaped body.
Your movements are slightly less encumbered by armour. (ER -2)


Message History

* * * LOW HITPOINT WARNING * * *
You hit the troll.
The troll is moderately wounded.
The troll closely misses you. The troll misses you.
The troll completely misses you.
You closely miss the troll. You bite the troll, but do no damage.
The troll is moderately wounded.
The troll completely misses you. The troll claws you!
* * * LOW HITPOINT WARNING * * *
The troll barely misses you.
Casting: Sandblast (safe; 1% risk of failure)
Confirm with . or Enter, or press ? or * to list all spells.
Aiming: Sandblast (safe; 1% risk of failure)
Press: ? - help, Shift-Dir - straight line, f - troll
Aim: a troll (moderately wounded)
The blast of sand hits the troll.
The troll is heavily wounded.
y - 11 stones The troll bites you!
You die...

...<# #.# #..# #...# #.##### #..#
#...# #.......#####..## ....#
#...............# ....#
#..##.####.####.### ###.###.#
#..##.##.....##...# #.#.....
#..##.#.......#.#.# #....#.#.#
#..##.#.......#.#.# #.........#
#.@#......_...)...#
###...#.#.#.T.#T....#.......#...#
#...#?.....h#.....#.#.......#.#.#
#.#...#.>.#...#...#.##.....##.#.#
#...#......(#...#.#.####.####...#
......#.#.#....##.... ..... ... #
#####.......#..##.###.####.###..
# ##.#.#..... ..... .# .. #
#......### #... #


You could see a troll.

Vanquished Creatures
  Grinder (D:5)
  Prince Ribbit (D:5)
  Edmund (D:6)
  A sky beast (D:7)
  An orc warrior (D:6)
  3 ogres
  A centaur (D:7)
  An elf zombie (Ossuary)
  Blork the orc (D:6)
  2 scorpions
  A water moccasin skeleton (D:4)
  4 crimson imps
  5 hounds
  A human zombie (Ossuary)
  A centaur skeleton (D:7)
  2 orc priests
  A bullfrog skeleton (D:5)
  An iguana (D:3)
  2 orc wizards
  3 worker ants
  2 hound zombies (Ossuary)
  4 mummies (Ossuary)
  2 worker ant zombies
  11 gnolls
  6 adders
  An adder zombie (Ossuary)
  7 worms
  The ghost of Duffy the Magician, a weakling NaWz (D:3)
  3 dart slugs
  3 leopard geckos (D:3)
  22 orcs
  4 bats
  5 giant cockroaches
  2 gnoll zombies (Ossuary)
  6 goblins
  7 hobgoblins
  16 jackals
  10 quokkas
  2 ball pythons (D:2)
  7 frilled lizards
  A giant cockroach zombie (D:5)
  A goblin zombie (Ossuary)
  2 hobgoblin zombies (Ossuary)
  A jackal zombie (Ossuary)
  6 kobolds
  An orc zombie (Ossuary)
  8 rats
175 creatures vanquished.

Notes
Turn   | Place    | Note
-------+----------+-------------------------------------------
     0 | D:1      | Lanoc the Gnoll Earth Elementalist began the quest for the
                  | Orb.
     0 | D:1      | Reached XP level 1. HP: 13/13 MP: 6/6
   216 | D:1      | Reached XP level 2. HP: 19/19 MP: 3/7
   372 | D:1      | Reached XP level 3. HP: 24/25 MP: 5/9
   430 | D:1      | Reached skill level 5 in Spellcasting
   434 | D:1      | Learned a level 2 spell: Passwall
   664 | D:2      | Found a shadowy altar of Dithmenos.
   796 | D:2      | Reached skill level 1 in Invocations
   918 | D:2      | Reached skill level 1 in Fighting
   918 | D:2      | Reached skill level 1 in Short Blades
   918 | D:2      | Reached skill level 1 in Long Blades
   918 | D:2      | Reached skill level 1 in Axes
   918 | D:2      | Reached skill level 1 in Maces & Flails
   918 | D:2      | Reached skill level 1 in Polearms
   918 | D:2      | Reached skill level 1 in Staves
   918 | D:2      | Reached skill level 1 in Slings
   918 | D:2      | Reached skill level 1 in Bows
   918 | D:2      | Reached skill level 1 in Crossbows
   918 | D:2      | Reached skill level 1 in Throwing
   918 | D:2      | Reached skill level 1 in Armour
   918 | D:2      | Reached skill level 1 in Shields
   918 | D:2      | Reached skill level 1 in Unarmed Combat
   918 | D:2      | Reached skill level 1 in Evocations
   962 | D:2      | Found an ornate altar of the Wu Jian Council.
   971 | D:2      | Reached XP level 4. HP: 30/32 MP: 11/11
  1496 | D:3      | Reached skill level 1 in Conjurations
  1496 | D:3      | Reached skill level 1 in Hexes
  1496 | D:3      | Reached skill level 1 in Charms
  1496 | D:3      | Reached skill level 1 in Summonings
  1496 | D:3      | Reached skill level 1 in Necromancy
  1496 | D:3      | Reached skill level 1 in Translocations
  1496 | D:3      | Reached skill level 1 in Fire Magic
  1496 | D:3      | Reached skill level 1 in Ice Magic
  1496 | D:3      | Reached skill level 1 in Air Magic
  1496 | D:3      | Reached skill level 1 in Poison Magic
  1655 | D:3      | Found a runed door.
  1657 | D:3      | Noticed Duffy's ghost (weakling NaWz)
  1661 | D:3      | Killed Duffy's ghost
  1699 | D:3      | Reached XP level 5. HP: 22/37 MP: 8/12
  1970 | D:3      | Reached XP level 6. HP: 35/44 MP: 1/13
  2369 | D:4      | Reached skill level 5 in Dodging
  2432 | D:4      | Found a blossoming altar of Fedhas.
  2432 | D:4      | Found a deep blue altar of Sif Muna.
  2432 | D:4      | Found an opulent altar of Gozag.
  2439 | D:4      | Became a worshipper of Sif Muna the Loreminder
  2579 | D:4      | Reached XP level 7. HP: 35/50 MP: 12/15
  2728 | D:4      | Found a radiant altar of Vehumet.
  3039 | D:5      | Entered Level 5 of the Dungeon
  3171 | D:5      | Learned a level 3 spell: Stone Arrow
  3215 | D:5      | Noticed Prince Ribbit
  3222 | D:5      | Killed Prince Ribbit
  3222 | D:5      | Reached skill level 5 in Stealth
  3426 | D:5      | Noticed Grinder
  3452 | D:5      | Reached XP level 8. HP: 41/57 MP: 16/16
  3458 | D:5      | Paralysed by Grinder for 5 turns
  3470 | D:5      | Killed Grinder
  4077 | D:6      | Noticed Blork the orc
  4098 | D:6      | Found Duesim's Jewellery Shoppe.
  4118 | D:6      | Noticed Edmund
  4124 | D:6      | Found a sand-covered staircase.
  4132 | Ossuary  | Entered an ossuary
  4208 | Ossuary  | Gained mutation: You are frail. (-10% HP) [potion of
                  | mutation]
  4208 | Ossuary  | Gained mutation: You expend magic power (3 MP) to
                  | strengthen your wands. [potion of mutation]
  4227 | Ossuary  | Reached * piety under Sif Muna
  4560 | Ossuary  | Lost mutation: You expend magic power (3 MP) to strengthen
                  | your wands. [potion of mutation]
  4560 | Ossuary  | Lost mutation: You are frail. (-10% HP) [potion of
                  | mutation]
  4560 | Ossuary  | Gained mutation: Armour fits poorly on your strangely
                  | shaped body. [potion of mutation]
  4560 | Ossuary  | Gained mutation: You tend to lose your temper in combat.
                  | [potion of mutation]
  4560 | Ossuary  | Gained mutation: Your movements are slightly less
                  | encumbered by armour. (ER -2) [potion of mutation]
  4693 | D:6      | Killed Edmund
  5014 | D:6      | Killed Blork the orc
  5014 | D:6      | Reached XP level 9. HP: 47/65 MP: 18/18
  5602 | D:6      | Learned a level 4 spell: Petrify
  5952 | D:7      | Noticed a troll
  6041 | D:7      | Found a staircase to the Ecumenical Temple.
  6085 | D:7      | HP: 1/65 [something (5)]
  6539 | D:7      | Found a shadowy altar of Dithmenos.
  6555 | D:7      | Found a glowing golden altar of the Shining One.
  6786 | D:7      | Mangled by a troll

Vault maps used:
D:1:      dpeg_arrival_yet_another_circle
D:2:      minmay_razor_zed, lemuel_doored_altar, nicolae_dithmenos_shadow_blocks
D:3:      first_ration, ebering_ghost_reflecting_pool
D:4:      vehumet_crystals, gammafunk_temple_overflow_claw
D:5:      minmay_misc_feat_cross, uniq_grinder, uniq_prince_ribbit1
D:6:      serial_shops, shop, nicolae_ossuary_entry_monument, st_stairs_7,
          uniq_blork_the_orc, uniq_edmund
D:7:      old_standard_altar, minmay_temple_entry_sparse_star, basic_altar
Ossuary:  ossuary_minmay_tomb_2a

Skill      XL: |  1  2  3  4  5  6  7  8  9 |
---------------+----------------------------+-----
Transmutations | 2 3 4 |  4.1
Spellcasting   | 5 6 |  6.5
Invocations    | 1 2 3 4 |  4.5
Fighting       | 1 2 3 4 |  4.1
Short Blades   | 1 2 3 4 |  4.1
Long Blades    | 1 2 3 4 |  4.1
Axes           | 1 2 3 4 |  4.1
Maces & Flails | 1 2 3 4 |  4.1
Polearms       | 1 2 3 4 |  4.1
Staves         | 1 2 3 4 |  4.1
Slings         | 1 2 3 4 |  4.1
Bows           | 1 2 3 4 |  4.1
Crossbows      | 1 2 3 4 |  4.1
Throwing       | 1 2 3 4 |  4.1
Armour         | 1 2 3 4 |  4.1
Shields        | 1 2 3 4 |  4.1
Unarmed Combat | 1 2 3 4 |  4.1
Evocations     | 1 2 3 4 |  4.1
Conjurations   | 1 2 3 |  3.4
Hexes          | 1 2 3 |  3.4
Charms         | 1 2 3 |  3.4
Summonings     | 1 2 3 |  3.4
Necromancy     | 1 2 3 |  3.4
Translocations | 1 2 3 |  3.4
Fire Magic     | 1 2 3 |  3.4
Ice Magic      | 1 2 3 |  3.4
Air Magic      | 1 2 3 |  3.4
Poison Magic   | 1 2 3 |  3.4
Dodging        | 5 6 |  6.2
Stealth        | 5 6 |  6.0
Earth Magic    | 6 |  6.5

Action                   |  1- 3 |  4- 6 |  7- 9 || total
-------------------------+-------+-------+-------++-------
Melee: Unarmed           |    13 |       |       ||    13
       Dagger            |    59 |   168 |    18 ||   245
       Bite              |     9 |    16 |    18 ||    43
       Spear             |       |       |   227 ||   227
       Punch             |       |       |     3 ||     3
       Flail             |       |       |   102 ||   102
 Cast: Sandblast         |    26 |    70 |    27 ||   123
       Stone Arrow       |       |       |    18 ||    18
Evoke: Wand              |       |       |     1 ||     1
  Use: Scroll            |     1 |       |    12 ||    13
       Potion            |       |     1 |    15 ||    16
 Stab: Sleeping          |     4 |     6 |     7 ||    17
       Distracted        |       |       |     1 ||     1
  Eat: Chunk             |       |     6 |    10 ||    16
       Ration            |       |       |     1 ||     1
Armor: Robe              |    13 |    45 |    14 ||    72
       Skin              |       |       |    20 ||    20
Dodge: Dodged            |    66 |   136 |   189 ||   391
Block: Other             |       |       |    19 ||    19

Table legend:
 A = Non-vault XP
 B = Vault XP
 C = Vault XP percentage of total XP
 D = Non-vault monster count
 E = Vault monster count
 F = Vault count percentage of total count
                 A         B        C        D         E       F
            +---------+---------+-------+---------+---------+-------
      Total |    2077 |    1206 |  36.7 |     142 |      33 |  18.9
            +---------+---------+-------+---------+---------+-------
        D:1 |      41 |       0 |   0.0 |      24 |       0 |   0.0
        D:2 |      57 |      16 |  21.9 |      17 |      11 |  39.3
        D:3 |     215 |       4 |   1.8 |      39 |       1 |   2.5
        D:4 |     458 |       0 |   0.0 |      19 |       0 |   0.0
        D:5 |     294 |     551 |  65.2 |      16 |       2 |  11.1
        D:6 |     483 |     364 |  43.0 |      18 |       3 |  14.3
        D:7 |     529 |       0 |   0.0 |       9 |       0 |   0.0
    Ossuary |       0 |     271 | 100.0 |       0 |      16 | 100.0
            +---------+---------+-------+---------+---------+-------
